 Dungeon Crawl Stone Soup version 0.29.1-4-g47bece8355 (webtiles) character file.

Game seed: 13252714647938824257

882 DoIIoM the Caller (level 8, -1/46 HPs)
             Began as an Octopode Summoner on Dec 2, 2022.
             Shot with an arrow by a centaur (11 damage)
             ... on level 6 of the Dungeon.
             The game lasted 00:12:06 (5802 turns).

DoIIoM the Caller (Octopode Summoner)               Turns: 5802, Time: 00:12:07

Health: -1/46      AC:  1    Str:  7    XL:     8   Next: 5%
Magic:  9/16       EV: 17    Int: 20    God:
Gold:   450        SH:  0    Dex: 12    Spells: 5/18 levels left

rFire   . . .      SeeInvis .   e - +2 mace (vorpal)
rCold   . . .      Faith    .   (no shield)
rNeg    . . .      Spirit   .   (helmet restricted)
rPois   .          Reflect  .   w - amulet of the acrobat
rElec   .          Harm     .   o - +4 ring of evasion
rCorr   .          Rampage  .   C - ring of willpower
Will    +....                   (no ring)
Stlth   +++.......              (no ring)
HPRegen 0.15/turn               (no ring)
MPRegen 0.15/turn               (no ring)
                                (no ring)
                                (no ring)

@: no status effects
A: almost no armour, amphibious, 8 rings, camouflage 1, gelatinous body 1,
(nimble swimmer 1), tentacles
a: no special abilities


You were on level 6 of the Dungeon.
You visited 2 branches of the dungeon, and saw 7 of its levels.

You collected 450 gold pieces.

Inventory:

Hand Weapons
 b - a +0 short sword
 e - a +2 vorpal mace (weapon)
Jewellery
 o - a +4 ring of evasion (left tentacle)
 p - an amulet of guardian spirit
 w - an amulet of the acrobat (around mantle)
 C - a ring of willpower (right tentacle)
Wands
 x - a wand of light (8)
Scrolls
 f - a scroll of vulnerability {unknown}
 h - a scroll of fear {unknown}
 m - 2 scrolls of teleportation {unknown}
 q - 2 scrolls of noise {unknown}
 r - a scroll of immolation {unknown}
 t - a scroll of magic mapping {unknown}
 u - 2 scrolls of summoning {unknown}
 y - 2 scrolls of poison {unknown}
 A - a scroll of enchant armour {unknown}
 B - a scroll of butterflies {unknown}
Potions
 a - 2 potions of magic
 c - a potion of cancellation
 d - a potion of heal wounds
 g - 3 potions of curing
 i - a potion of experience {unknown}
 j - 2 potions of lignification
 k - a potion of flight
 l - a potion of invisibility
 n - 3 potions of attraction
 s - a potion of brilliance {unknown}
 v - a potion of might {unknown}
 z - a potion of haste {unknown}


   Skills:
 - Level 2.0 Dodging
 - Level 3.0 Stealth
 + Level 5.5 Spellcasting
 + Level 7.0 Summonings
 + Level 3.2 Air Magic


You had 5 spell levels left.
You knew the following spells:

 Your Spells              Type           Power      Damage    Failure   Level
a - Summon Small Mammal   Summ           100%       N/A       1%          1
b - Call Imp              Summ           33%        N/A       1%          2
c - Call Canine Familiar  Summ           33%        N/A       1%          3
d - Summon Lightning Spi  Summ/Air       26%        N/A       13%         4
e - Summon Guardian Gole  Hex/Summ       19%        N/A       8%          3

Your spell library contained the following spells:

 Spells                   Type           Power      Damage    Failure   Level
 Foxfire                  Conj/Fire      20%        2x1d5     11%         1
 Magic Dart               Conj           20%        1d4       11%         1
 Stone Arrow              Conj/Erth      10%        3d7       32%         3
 Hailstorm                Conj/Ice       5%         3d4       73%         4


Dungeon Overview and Level Annotations

Branches:
Dungeon (6/15)             Temple (1/1) D:4

Altars:
Ashenzari
Cheibriados
Dithmenos
Elyvilon
Gozag
Hepliaklqana
Kikubaaqudgha
Makhleb
Nemelex Xobeh
Okawaru
Qazlal
Ru
Sif Muna
Trog
Uskayaw
Wu Jian
Yredelemnul
The Shining One


Innate Abilities, Weirdness & Mutations

You cannot wear most types of armour.
You are amphibious.
You can wear up to eight rings at the same time.
Your skin changes colour to match your surroundings (Stealth+).
Your rubbery body absorbs attacks. (AC +1, EV +1)
((You are camouflaged when in or above water. (Stealth+)))
You have tentacles for arms and can constrict up to eight enemies at once.


Message History

Your hound completely misses the centaur.
The centaur shoots an arrow.
The arrow hits your hound.
Unknown command.
Your hound bites the centaur but does no damage.
Something hits your hound. Something barely misses your hound.
You swap places.
The centaur wields a +0 shortbow.
The centaur shoots an arrow.
The arrow hits your hound.
The centaur shoots an arrow.
The arrow hits your hound.
Your hound dies!
Your hound's corpse disappears in a puff of smoke!
The centaur shoots an arrow.
The arrow closely misses your white imp.
The arrow completely misses you.
Casting: Call Imp (safe; 1% risk of failure)
Confirm with . or Enter, or press ? or * to list all spells.
The centaur shoots an arrow.
The arrow hits your white imp!
Your white imp hits the centaur but does no damage.
Your white imp hits the centaur but does no damage.
What are your orders? t - Shout!
Orders for allies: a - Attack new target. r - Retreat! s - Stop attacking. g - Guard the area. f - Follow me.
Anything else - Cancel.
Gang up on whom?
Press: ? - help, Dir - move target, f - centaur
Aim: a centaur, wielding a +0 shortbow (severely wounded, ally target) Attack!
The centaur shoots an arrow.
The arrow hits you!
* * * LOW HITPOINT WARNING * * *
Your white imp barely misses the centaur.
Unknown command.
The centaur shoots an arrow.
The arrow hits your hound!
Unknown command.
Unknown command.
Casting: Call Canine Familiar (safe; 1% risk of failure)
Confirm with . or Enter, or press ? or * to list all spells.
A guardian golem appears, shielding your allies.
The centaur shoots an arrow.
The arrow hits you!
You die...

###############.....#
#.............#.....#
#.9.@.........#.....#
#.............#.....#
#.h....#####'##.....#
#..##..##.....#..[..#
#.c###'##.....#.....#
+.......+.....'.....#
#.c.....#....)#.....#
#'####+####.).#.....#
#..###.####...#.....#


You could see a centaur (ally target), a friendly guardian golem (summoned) and
a friendly hound (summoned, sheltered).

Vanquished Creatures
  2 scorpions
  A hound (D:5)
  3 iguanas
  7 adders
  An ufetubus (D:6)
  4 worms
  2 dart slugs (D:2)
  8 orcs
  6 ball pythons
  3 endoplasms
  5 giant cockroaches
  5 goblins
  6 hobgoblins
  7 jackals
  5 quokkas
  4 bats
  3 frilled lizards
  2 kobolds
  7 rats
81 creatures vanquished.

Vanquished Creatures (collateral kills)
  An ogre (D:6)
  A phantom (D:4)
  Blork the orc (D:4)
  A scorpion (D:5)
  A hound (D:5)
  A jelly (D:6)
  2 orc priests
  An iguana (D:5)
  2 orc wizards
  An adder (D:5)
  6 orcs
  An endoplasm (D:1)
19 creatures vanquished.

Grand Total: 100 creatures vanquished

Notes
Turn   | Place    | Note
-------+----------+-------------------------------------------
     0 | D:1      | DoIIoM the Octopode Summoner began the quest for the Orb.
     0 | D:1      | Reached XP level 1. HP: 11/11 MP: 3/3
    98 | D:1      | Reached XP level 2. HP: 10/17 MP: 5/5
   113 | D:1      | Learned a level 2 spell: Call Imp
   945 | D:2      | Reached XP level 3. HP: 17/21 MP: 6/6
  1032 | D:2      | Found a hazy altar of Hepliaklqana.
  1084 | D:2      | Found a faded altar of an unknown god.
  1743 | D:3      | Reached XP level 4. HP: 27/27 MP: 8/8
  1770 | D:3      | Learned a level 3 spell: Call Canine Familiar
  2062 | D:3      | Found an ancient bone altar of Kikubaaqudgha.
  2064 | D:3      | Found a basalt altar of Yredelemnul.
  2274 | D:3      | Found a hazy altar of Hepliaklqana.
  2485 | D:4      | Noticed a scorpion
  2502 | D:4      | Reached skill level 5 in Summonings
  2510 | D:4      | Reached XP level 5. HP: 17/31 MP: 4/10
  2689 | D:4      | Found a glowing golden altar of the Shining One.
  2808 | D:4      | Found a staircase to the Ecumenical Temple.
  2816 | Temple   | Entered the Ecumenical Temple
  3082 | D:4      | Noticed Blork the orc
  3228 | D:4      | Killed Blork the orc
  3229 | D:4      | Reached XP level 6. HP: 23/36 MP: 3/12
  3532 | D:4      | Reached skill level 6 in Summonings
  3794 | D:4      | Learned a level 4 spell: Summon Lightning Spire
  3836 | D:4      | Learned a level 3 spell: Summon Guardian Golem
  4017 | D:5      | Entered Level 5 of the Dungeon
  4029 | D:5      | Reached skill level 1 in Air Magic
  4361 | D:5      | Reached XP level 7. HP: 33/41 MP: 9/14
  4557 | D:5      | Reached skill level 5 in Spellcasting
  5077 | D:5      | Found a snail-covered altar of Cheibriados.
  5078 | D:5      | Found a burning altar of Makhleb.
  5666 | D:6      | Got Vehumet's Spellbook of Combat Magic
  5702 | D:6      | Reached XP level 8. HP: 46/46 MP: 11/16
  5713 | D:6      | Reached skill level 7 in Summonings
  5802 | D:6      | Shot with an arrow by a centaur

Illustrated notes

Levels and vault maps discovered:
D:1:      erik_arrival_blinker_ship, layout_basic
D:2:      layout_basic, basic_ecumenical_altar, basic_altar, minmay_tromino_i4
D:3:      layout_rooms, lemuel_tele_altar, nicolae_overflow_crystal_walls,
          mainiacjoe_overflow_cross_hatched
D:4:      layout_cave_pods, mainiacjoe_overflow_surrounded_room,
          minmay_temple_entry_large_hall, uniq_blork_the_orc
D:5:      layout_rooms, mainiacjoe_overflow_divided_tiny, hex_medium,
          minmay_fountain_box
D:6:      layout_gridville, zin_scriptorium
Temple:   nicolae_temple_hex_pool

Skill      XL: |  1  2  3  4  5  6  7  8 |
---------------+-------------------------+-----
Stealth        | 3 |  3.0
Spellcasting   | 3 4 5 |  5.5
Summonings     | 5 6 7 |  7.0
Air Magic      | 1 3 |  3.2
Dodging        | |  2.0

Action                   |  1- 3 |  4- 6 |  7- 9 || total
-------------------------+-------+-------+-------++-------
Melee: Short sword       |    17 |       |       ||    17
       Constrict         |    19 |    16 |    10 ||    45
       Tentacles         |     9 |    17 |     9 ||    35
       Unarmed           |     3 |       |       ||     3
       Mace              |    39 |    81 |    39 ||   159
       Punch             |       |     2 |     1 ||     3
 Cast: Summon Small Mamm |     2 |       |       ||     2
       Call Imp          |       |    11 |    10 ||    21
       Call Canine Famil |       |     8 |    10 ||    18
       Summon Guardian G |       |       |     1 ||     1
  Use: Scroll            |     4 |     1 |     2 ||     7
 Stab: Sleeping          |    11 |     5 |     5 ||    21
Armor: Skin              |     3 |     3 |       ||     6
Dodge: Dodged            |    34 |    64 |    44 ||   142
